 Dungeon Crawl Stone Soup version 0.32-a0-938-g40ac7a0f4d (webtiles) character file.

Game seed: 1407890950731538892

991 LadyBoffin the Sneak (level 8, -5/48 HPs)
             Began as a Kobold Hexslinger on Apr 15, 2024.
             Was an Initiate of Dithmenos.
             Slain by a gnoll sergeant
             ... wielding a +4 spear of venom
              (8 damage)
             ... on level 6 of the Dungeon.
             The game lasted 00:24:35 (6119 turns).

LadyBoffin the Sneak (Kobold Hexslinger)            Turns: 6119, Time: 00:24:35

Health: -5/48      AC: 10    Str:  2    XL:     8   Next: 42%
Magic:  10/10      EV: 15    Int: 14    God:    Dithmenos [......]
Gold:   127        SH:  0    Dex: 23    Spells: 8/10 levels left

rFire   . . .        f - +4 dagger (drain)
rCold   . . .        (no shield)
rNeg    + . .        q - +0 leather armour
rPois   .            (no helmet)
rElec   .            l - +2 cloak
rCorr   .            (no gloves)
SInv    .            (no boots)
Will    .....        (no amulet)
Stlth   +++++        h - ring of positive energy
HPRegen 0.28/turn    o - +4 ring of protection
MPRegen 0.12/turn

%: no passive effects
@: lethally poisoned (-5 -> -33), about to teleport
A: small, no large weapons, nightstalker 3, agile 1, weak 1
a: Renounce Religion


You were on level 6 of the Dungeon.
You worshipped Dithmenos.
Dithmenos was noncommittal.
You visited 1 branch of the dungeon, and saw 6 of its levels.

You collected 308 gold pieces.
You spent 181 gold pieces at shops.

Inventory:

Hand Weapons
 a - a +1 heavy sling
 c - a +0 rapier
 f - a +4 dagger of draining (weapon)
Armour
 j - an orb of mayhem
 l - a +2 cloak (worn)
 q - a +0 leather armour (worn)
Jewellery
 h - a ring of positive energy (left hand)
 k - a ring of wizardry
 o - a +4 ring of protection (right hand)
Scrolls
 d - a scroll of identify
 i - a scroll of immolation
 n - a scroll of amnesia
 p - a scroll of enchant armour {unknown}
 s - a scroll of blinking {unknown}
Potions
 b - a potion of ambrosia
 e - 2 potions of cancellation
 m - a potion of attraction


   Skills:
 - Level 4.2 Fighting
 + Level 5.5 Short Blades
 - Level 3.0 Ranged Weapons
 + Level 5.6 Dodging
 + Level 7.1 Stealth
 - Level 1.5 Spellcasting
 - Level 3.2 Hexes
 - Level 1.3 Fire Magic


You had 8 spell levels left.
You knew the following spells:

 Your Spells              Type           Power      Damage    Failure   Level
a - Jinxbite              Hex            20%        N/A       22%         2

Your spell library contained the following spells:

 Spells                   Type           Power      Damage    Failure   Level
 Sigil of Binding         Hex            10%        N/A       41%         3
 Inner Flame              Hex/Fire       7%         N/A       56%         3
 Lesser Beckoning         Tloc           2%         N/A       65%         2
 Volatile Blastmotes      Fire/Tloc      4%         2d10      78%         3
 Cause Fear               Hex            5%         N/A       83%         4
 Maxwell's Portable Pile  Tloc           1%         2d(5-13)  86%         3
 Teleport Other           Tloc           1%         N/A       86%         3
 Dimensional Bullseye     Hex/Tloc       2%         N/A       96%         4
 Fulminant Prism          Conj/Alch      0%         3d5       99%         4
 Iskenderun's Mystic Bla Conj/Tloc 1%             2d3        (+2d1     99%         4


Dungeon Overview and Level Annotations

Branches:
Dungeon (6/15)
 Temple: D:4-7

Altars:
Dithmenos
Nemelex Xobeh
Okawaru
Sif Muna
Vehumet

Shops:
D:3 ?   D:6 *

Annotations:
D:3 2 transporters
D:6 3 runed translucent doors


Innate Abilities, Weirdness & Mutations

You are small and have problems with some larger weapons.
You are completely attuned to the shadows.
You are agile. (Dex +4, Str/Int -1)
You are weak. (Str -2)


Message History

The gnoll sergeant is wielding a +4 spear of venom.
You hit the gnoll.
The gnoll is moderately wounded.
The gnoll attacks as it pursues you! The gnoll hits you with a +0 club.
You completely miss the gnoll.
The gnoll is moderately wounded.
You float gracefully downwards.
The gnoll barely misses you.
The gnoll sergeant completely misses you.
You hit the gnoll. You drain the gnoll.
You kill the gnoll!
Dithmenos accepts your kill.
The gnoll sergeant hits you from afar with a +4 spear of venom.
You hit the gnoll. You drain the gnoll.
The gnoll is severely wounded.
You hit the gnoll but do no damage.
The gnoll is severely wounded.
The gnoll hits you but does no damage.
The gnoll sergeant hits you from afar with a +4 spear of venom.
You are poisoned.
You barely miss the gnoll.
The gnoll is severely wounded.
You feel sick. The gnoll misses you.
The gnoll sergeant hits you from afar with a +4 spear of venom!
You are more poisoned.
You hit the gnoll.
You kill the gnoll!
Dithmenos accepts your kill.
You feel very sick.
As you read the scroll of teleportation, it crumbles to dust.
You feel strangely unstable.
You feel very sick.
The gnoll sergeant hits you from afar with a +4 spear of venom!
* * * LOW HITPOINT WARNING * * *
You are more poisoned.
Your enlightenment fades.
* * * LOW HITPOINT WARNING * * *
You feel extremely sick.
The gnoll sergeant attacks as it pursues you!
The gnoll sergeant hits you from afar with a +4 spear of venom!
You die...

##### #.#.# #.#.#####
#.#.#...# #.#.#.#.#
###### #.#.#.#.#
.....###.#.#.#.###
.....'.......#.#.#
.....###.#.#.....#
##'### #.#.#.#.#@#
##'## #.#.#...#.#
....# #.#.#####g#
....# #.#...).#....g
....####.#####.#####.
.....)....# #
######....# ####.##.#
#.......#


You could see a gnoll sergeant.

Vanquished Creatures
  An ogre (D:4)
  A phantom (D:4)
  2 scorpions
  A howler monkey (D:4)
  5 jellies
  4 bombardier beetles
  An orc priest (D:4)
  A hound (D:5)
  Terence (D:3)
  4 orc wizards
  6 gnolls
  6 adders
  4 ufetubi (D:6)
  A ribbon worm (D:2)
  6 orcs
  7 endoplasms
  4 giant cockroaches
  8 hobgoblins
  10 kobolds
  4 quokkas
  3 ball pythons
  2 bats
  4 frilled lizards
  6 goblins
  4 rats (D:1)
96 creatures vanquished.

Notes
Turn   | Place    | Note
-------+----------+-------------------------------------------
     0 | D:1      | LadyBoffin the Kobold Hexslinger began the quest for the
                  | Orb.
     0 | D:1      | Reached XP level 1. HP: 12/12 MP: 2/2
   211 | D:1      | Reached XP level 2. HP: 16/16 MP: 3/3
   847 | D:1      | Reached XP level 3. HP: 20/20 MP: 5/5
  1605 | D:2      | Reached skill level 1 in Short Blades
  1847 | D:2      | Reached skill level 1 in Stealth
  1847 | D:2      | Reached XP level 4. HP: 23/26 MP: 6/6
  2505 | D:3      | Noticed Terence
  2850 | D:3      | Found a transporter.
  2852 | D:3      | Found Ymackeor's Magic Scroll Shop.
  2934 | D:3      | Killed Terence
  2935 | D:3      | Reached skill level 2 in Stealth
  2935 | D:3      | Reached XP level 5. HP: 30/30 MP: 7/7
  3017 | D:3      | Found a transporter.
  3256 | D:4      | Reached skill level 3 in Stealth
  3256 | D:4      | Reached XP level 6. HP: 36/36 MP: 8/8
  3361 | D:4      | Reached skill level 4 in Stealth
  3396 | D:4      | Gained mutation: You are weak. (Str -2) [potion of
                  | mutation]
  3396 | D:4      | Gained mutation: You are agile. (Dex +4, Str/Int -1)
                  | [potion of mutation]
  3710 | D:4      | Found a shimmering blue altar of Sif Muna.
  3805 | D:4      | Reached XP level 7. HP: 32/41 MP: 9/9
  3810 | D:4      | Reached skill level 5 in Stealth
  4425 | D:4      | Found an iron altar of Okawaru.
  4435 | D:4      | Found a radiant altar of Vehumet.
  4440 | D:4      | Reached skill level 6 in Stealth
  4748 | D:5      | Entered Level 5 of the Dungeon
  4962 | D:5      | Learned a level 2 spell: Jinxbite
  5027 | D:5      | Found a shadowy altar of Dithmenos.
  5041 | D:5      | Became a worshipper of Dithmenos the Shadowed
  5295 | D:5      | Reached skill level 5 in Dodging
  5295 | D:5      | Reached XP level 8. HP: 48/48 MP: 10/10
  5678 | D:6      | Found Seott's Neck Hole.
  5683 | D:6      | Bought a +2 cloak for 181 gold pieces
  5726 | D:6      | Reached skill level 5 in Short Blades
  5754 | D:6      | Found a sparkling altar of Nemelex Xobeh.
  5798 | D:6      | Found a runed translucent gate.
  5798 | D:6      | Found a runed translucent gate.
  5798 | D:6      | Found a runed translucent gate.
  5952 | D:6      | Reached skill level 7 in Stealth
  6119 | D:6      | Slain by a gnoll sergeant

Illustrated notes

Levels and vault maps discovered:
D:1:      zelgadis_glass_arrival_small, layout_loops_ring,
          dreamdust_princess_bridge, dreamdust_mushroom_princess, fountainhead,
          minmay_door_square
D:2:      layout_basic
D:3:      layout_basic, serial_shops, nicolae_shop_drivethru, uniq_grinder,
          uniq_terence
D:4:      layout_basic, nicolae_overflow_hidden_temple, jmf_multi_god_temple2
D:5:      layout_loops_ring, nicolae_dithmenos_through_a_glass_darkly
D:6:      layout_basic, mainiacjoe_overflow_24_doors, gammafunk_ghost_cemetery,
          nicolae_shop_sticking_my_neck_out

Skill      XL: |  1  2  3  4  5  6  7  8 |
---------------+-------------------------+-----
Ranged Weapons | 3 |  3.0
Short Blades   | 1 2 3 4 5 |  5.5
Dodging        | 3 4 5 |  5.6
Stealth        | 1 2 3 4 6 7 |  7.1
Fighting       | 2 3 4 |  4.2
Spellcasting   | |  1.5
Hexes          | |  3.2
Fire Magic     | |  1.3

Action                     |  1- 3 |  4- 6 |  7- 9 || total
---------------------------+-------+-------+-------++-------
  Melee: Dagger            |    37 |    85 |    86 ||   208
   Fire: Sling             |    43 |       |       ||    43
    Use: Scroll            |       |     9 |     5 ||    14
         Potion            |       |     8 |     2 ||    10
   Stab: Sleeping          |     6 |     9 |    17 ||    32
 Armour: Robe              |    30 |     5 |       ||    35
         Leather armour    |       |    41 |    58 ||    99
  Dodge: Dodged            |    36 |    81 |    46 ||   163
  Block: Kite shield       |     8 |       |       ||     8

Table legend: (Time is in decaauts)
 A = Elapsed time spent in this place.
 B = Non-inter-level travel time spent in this place.
 C = Inter-level travel time spent in this place.
 D = Time resting spent in this place.
 E = Time spent auto-exploring this place.
 F = Levels seen in this place.
 G = Mean time per level.
                   A        B        C        D        E       F      G
               +--------+--------+--------+--------+--------+-----+--------+
         Total |   6106 |   5936 |    170 |    715 |   3029 |   6 | 1017.7 |
       Dungeon |   6106 |   5936 |    170 |    715 |   3029 |   6 | 1017.7 |
               +--------+--------+--------+--------+--------+-----+--------+

Top non-repeatable levels by time:
     D:4: 1546 daAuts
     D:1: 1310 daAuts
     D:3: 978 daAuts
     D:2: 917 daAuts
     D:5: 876 daAuts
     D:6: 476 daAuts
